 Dungeon Crawl Stone Soup version 0.29.1-1-gd02db6906a (webtiles) character file.

Game seed: 9585507961504036141

25 quakins the Trooper (level 3, -4/33 HPs)
             Began as a Hill Orc Fighter on Oct 6, 2022.
             Slain by Terence
             ... wielding a +0 falchion
              (5 damage)
             ... on level 2 of the Dungeon.
             The game lasted 00:01:24 (1153 turns).

quakins the Trooper (Hill Orc Fighter)              Turns: 1153, Time: 00:01:25

Health: -4/33      AC:  8    Str: 20    XL:     3   Next: 4%
Magic:  3/3        EV:  9    Int:  8    God:
Gold:   56         SH:  4    Dex: 10    Spells: 2/2 levels left

rFire   . . .      SeeInvis .   a - +0 war axe
rCold   . . .      Faith    .   c - +0 buckler
rNeg    . . .      Spirit   .   b - +0 scale mail
rPois   .          Reflect  .   (no helmet)
rElec   .          Harm     .   (no cloak)
rCorr   .          Rampage  .   n - +0 pair of gloves
Will    .....                   (no boots)
Stlth   ..........              (no amulet)
HPRegen 0.11/turn               (no ring)
MPRegen 0.08/turn               (no ring)

@: no status effects
A: no striking features
a: no special abilities


You were on level 2 of the Dungeon.
You visited 1 branch of the dungeon, and saw 2 of its levels.

You collected 56 gold pieces.

Inventory:

Hand Weapons
 a - a +0 war axe (weapon)
Armour
 b - a +0 scale mail (worn)
 c - a +0 buckler (worn)
 n - a +0 pair of gloves (worn)
Scrolls
 e - 2 scrolls of enchant weapon {unknown}
 f - 2 scrolls of teleportation {unknown}
 g - 2 scrolls of enchant armour {unknown}
 h - a scroll of immolation {unknown}
 i - a scroll of blinking {unknown}
 j - a scroll of silence {unknown}
 l - 2 scrolls of identify {unknown}
 m - a scroll of vulnerability {unknown}
Potions
 d - a potion of might
 k - a potion of curing {unknown}


   Skills:
 + Level 4.0 Fighting
 + Level 3.3 Axes
 + Level 3.6 Armour
 + Level 3.6 Shields


You had 2 spell levels left.
You didn't know any spells.
Your spell library was empty.

Dungeon Overview and Level Annotations

Branches:
Dungeon (2/15)

Altars:
Elyvilon

Shops:
D:1 *:!

Annotations:
D:2 Terence


Message History

You hit Terence but do no damage.
Terence is moderately wounded.
Terence closely misses you.
You hit Terence but do no damage.
Terence is moderately wounded.
Terence completely misses you. Terence hits you but does no damage.
You barely miss Terence.
Terence is moderately wounded.
Terence hits you with a +0 falchion!
You closely miss Terence.
Terence is moderately wounded.
You block Terence's attack. Terence barely misses you.
You hit Terence but do no damage.
Terence is moderately wounded.
You block Terence's attack.
You barely miss Terence.
Terence is moderately wounded.
You block Terence's attack.
You slash Terence!
Terence is almost dead.
Terence hits you with a +0 falchion. Terence closely misses you.
You hit Terence but do no damage.
Terence is almost dead.
Terence hits you with a +0 falchion.
* * * LOW HITPOINT WARNING * * *
You barely miss Terence.
Terence is almost dead.
Terence closely misses you.
You completely miss Terence.
Terence is almost dead.
Terence barely misses you. Terence hits you with a +0 falchion.
* * * LOW HITPOINT WARNING * * *
You barely miss Terence.
Terence is almost dead.
Terence hits you with a +0 falchion.
* * * LOW HITPOINT WARNING * * *
You barely miss Terence.
Terence is almost dead.
Terence hits you with a +0 falchion.
You die...

##### #...
.###.###.####
......@@....#
.###.###.##.#
#.##.#
#.##.###.#
#........#
####.#####
#.# ##.##
###.#.##


You could see Terence.

Vanquished Creatures
  A worm (D:2)
  A dart slug (D:1)
  2 endoplasms (D:1)
  A giant cockroach (D:1)
  3 goblins (D:1)
  A hobgoblin (D:1)
  3 ball pythons (D:1)
  2 bats (D:1)
  2 frilled lizards (D:1)
  4 rats
20 creatures vanquished.

Notes
Turn   | Place    | Note
-------+----------+-------------------------------------------
     0 | D:1      | quakins the Hill Orc Fighter began the quest for the Orb.
     0 | D:1      | Reached XP level 1. HP: 19/19 MP: 1/1
   150 | D:1      | Found Xeteis's Distillery.
   304 | D:1      | Found a faded altar of an unknown god.
   337 | D:1      | Reached XP level 2. HP: 26/27 MP: 2/2
   351 | D:1      | Found a white marble altar of Elyvilon.
   437 | D:1      | Found Buhod's Book Emporium.
   457 | D:1      | Found Hoasheng's Assorted Antiques.
  1110 | D:2      | Reached skill level 4 in Fighting
  1110 | D:2      | Reached XP level 3. HP: 33/33 MP: 3/3
  1135 | D:2      | Noticed Terence
  1152 | D:2      | HP: 1/33 [Terence/+0 falchion (2)]
  1153 | D:2      | Slain by Terence

Illustrated notes

Levels and vault maps discovered:
D:1:      lemuel_arrival_room, layout_basic, basic_ecumenical_altar,
          serial_shops, shop, nicolae_shop_trees, nicolae_shop_advertising_works
          [nicolae_subvault_shop_adworks], minmay_hexomino_r4
D:2:      layout_loops_corners, dk_noncrumbling_3, minmay_fractal_squares_5,
          uniq_terence

Skill      XL: |  1  2 |
---------------+-------+-----
Axes           | 3 |  3.3
Fighting       | 4 |  4.0
Armour         | |  3.6
Shields        | |  3.6

Action                   || total
-------------------------++-------
Melee: War axe           ||    68
Armor: Scale mail        ||    28
Dodge: Dodged            ||    25
Block: Buckler           ||    19
